Map: Odyssey LE

Players

SmokeyBear

  • Race: Terran Terran
  • League: Gold
  • Spawn Location: 5:00

JagrsMullets - Winner!

  • Race: Protoss Protoss
  • Spawn Location: 11:00

VOD

Have the link to the VOD?

Description

Time

  • Played on: Nov. 26, 2017, 5:40 a.m.
  • Length: 26:54
Show
View Real Time Build Order
Export as new Build Order

SmokeyBear Terran 

Build Orders:  

Get SALT Encoding   

  12  0:02  SCV  
  13  0:23  Supply Depot  
  13  0:25  SCV  
  14  0:37  SCV  
  15  0:50  Barracks  
  15  0:54  Refinery  
  15  0:58  SCV, Refinery  
  16  1:11  SCV  
  17  1:14  Barracks  
  17  1:23  SCV  
  18  1:37  Orbital Command  
  18  1:46  Marine, Engineering Bay  
  19  2:09  Barracks Reactor  
  19  2:19  Marine, Supply Depot  
  20  2:28  Missile Turret  
  20  2:30  SCV  
  21  2:37  Hi-Sec Auto Tracking  
  21  2:43  SCV  
  22  2:51  Barracks Tech Lab  
  22  2:55  SCV  
  23  2:59  Missile Turret  
  23  3:00  Marine x2  
  25  3:07  SCV  
  26  3:18  Marine x2, Supply Depot  
  26  3:19  SCV  
  29  3:23  Factory  
  29  3:31  SCV  
  30  3:39  Factory  
  30  3:59  Command Center  
  30  4:00  SCV  
  31  4:12  SCV  
  28  4:22  Factory Tech Lab  
  26  4:24  SCV  
  26  4:27  Marauder  
  26  4:28  Concussive Shells  
  29  4:32  Marine x2  
  29  4:36  SCV  
  32  4:46  Missile Turret  
  32  4:48  SCV  
  32  4:49  Marine, Marauder  
  32  4:51  Factory Tech Lab  
  36  4:54  Missile Turret  
  36  5:10  Marauder  
  36  5:11  Supply Depot  
  38  5:33  Missile Turret, Siege Tank x2  
  38  5:35  Supply Depot  
  44  5:52  Starport  
  44  6:31  Starport  
  33  7:33  Starport Tech Lab  
  33  7:35  Starport Reactor  
  32  7:39  Siege Tank x2  
  38  7:45  Supply Depot  
  38  7:56  Marauder  
  38  7:57  Marine x2  
  42  8:00  Banshee  
  45  8:11  Siege Tank x2  
  51  8:14  Marine  
  51  8:15  Marine, Supply Depot  
  51  8:17  Marauder  
  55  8:22  Combat Shields  
  55  8:36  Marine x2  
  55  8:38  Supply Depot, Marauder  
  53  8:54  Marine x2  
  55  9:00  Marauder  
  55  9:01  Supply Depot  
  55  9:21  Marauder  
  56  9:45  Command Center  
  56  9:53  Reaper  
  56  9:54  Marine x2  
  59  10:11  Marine, Armory  
  59  10:12  Marine  
  61  10:22  Supply Depot  
  61  10:25  Marine  
  62  10:29  Marine x2, Cloaking Field  
  62  10:32  Medivac  
  66  10:43  Marine  
  66  10:45  Supply Depot  
  66  10:47  Marine x2  
  69  11:00  Armory  
  69  11:01  Marine  
  69  11:02  Planetary Fortress  
  70  11:05  Marine  
  71  11:13  Missile Turret  
  71  11:36  Missile Turret  
  71  11:37  Supply Depot  
  71  11:49  Banshee  
  74  11:56  Missile Turret  
  74  12:00  Supply Depot  
  74  12:05  Refinery  
  74  12:09  Refinery  
  74  12:20  Viking  
  74  12:22  Supply Depot  
  73  12:32  Raven  
  73  12:35  Missile Turret  
  75  12:58  Missile Turret  
  75  13:00  Command Center  
  75  13:17  Supply Depot  
  75  13:28  Barracks Tech Lab  
  75  13:37  Missile Turret  
  75  13:40  Supply Depot  
  75  13:55  Viking x2  
  79  13:58  Missile Turret  
  79  14:07  SCV  
  79  14:08  Liberator  
  80  14:18  Planetary Fortress  
  80  14:19  SCV  
  81  14:31  SCV  
  85  14:32  Missile Turret  
  85  14:52  Missile Turret  
  85  14:55  SCV  
  86  15:07  SCV  
  86  15:08  Sensor Tower  
  86  15:13  Missile Turret  
  87  15:19  SCV  
  88  15:22  SCV  
  88  15:28  Refinery  
  89  15:31  SCV  
  89  15:33  Terran Vehicle Weapons Level 1  
  89  15:34  Missile Turret  
  89  15:35  SCV  
  91  15:37  Terran Ship Weapons Level 1  
  91  15:43  SCV  
  91  15:47  SCV  
  91  15:48  Missile Turret  
  93  15:55  SCV  
  94  15:59  SCV  
  95  16:04  Marauder  
  95  16:09  Missile Turret  
  95  16:11  SCV  
  98  16:13  Missile Turret  
  98  16:16  Missile Turret  
  98  16:23  SCV  
  99  16:26  Marauder  
  101  16:35  SCV  
  102  16:43  Starport  
  104  16:47  Liberator, Marauder  
  104  16:48  SCV  
  105  16:57  Starport  
  105  16:59  Command Center, Raven  
  105  17:00  SCV  
  108  17:06  Viking  
  113  17:21  Supply Depot  
  113  17:31  Supply Depot  
  113  17:36  Starport Tech Lab  
  113  17:40  Missile Turret  
  113  17:42  Viking  
  115  17:44  Supply Depot, Starport Reactor  
  115  17:45  Supply Depot  
  115  17:47  Supply Depot  
  115  17:54  Supply Depot  
  115  17:58  Factory  
  115  18:06  Missile Turret  
  115  18:08  Supply Depot  
  115  18:12  Viking  
  117  18:16  Supply Depot  
  117  18:33  Orbital Command  
  117  18:35  Refinery  
  117  18:38  Supply Depot  
  117  18:40  Refinery  
  117  18:42  Engineering Bay  
  117  18:44  Stimpack  
  117  18:46  Marauder  
  119  18:55  Terran Infantry Weapons Level 1  
  119  18:57  Terran Ship Weapons Level 2  
  119  19:00  Terran Vehicle And Ship Armor Level 1  
  119  19:07  Missile Turret  
  119  19:08  Marauder  
  119  19:09  Engineering Bay  
  121  19:14  Planetary Fortress  
  121  19:16  Refinery  
  121  19:27  SCV  
  121  19:29  Marauder  
  121  19:30  Missile Turret  
  124  19:34  Thor  
  124  19:36  Thor  
  136  19:40  SCV  
  137  19:50  Marauder  
  137  19:52  SCV  
  140  19:54  Missile Turret  
  140  19:58  Missile Turret  
  140  20:04  SCV  
  140  20:05  SCV  
  142  20:12  Marauder  
  144  20:16  SCV  
  144  20:17  SCV, Thor  
  144  20:19  Thor  
  144  20:20  Missile Turret  
  158  20:29  Missile Turret  
  158  20:30  SCV  
  159  20:36  Factory Reactor  
  159  20:39  Missile Turret  
  159  20:42  SCV, Viking  
  160  20:43  Command Center, Viking  
  160  20:49  Terran Infantry Armor Level 1  
  164  20:50  Missile Turret  
  164  20:53  Terran Infantry Weapons Level 2  
  164  20:54  SCV, Terran Vehicle Weapons Level 2  
  165  21:00  Missile Turret  
  165  21:10  Missile Turret  
  165  21:12  Viking  
  167  21:28  Supply Depot  
  167  21:30  Supply Depot  
  167  21:32  Supply Depot, Missile Turret  
  167  21:34  Missile Turret  
  167  21:40  Supply Depot  
  167  21:48  Terran Ship Weapons Level 3  
  167  21:53  Supply Depot  
  167  21:57  Supply Depot, Refinery  
  167  22:03  Planetary Fortress  
  167  22:24  Command Center  
  167  22:43  Building Armor  
  167  22:57  Command Center  
  167  23:00  Liberator  
  167  23:01  Liberator  
  167  23:02  Missile Turret  
  173  23:22  Missile Turret  
  173  23:43  Liberator  
  173  23:44  Missile Turret  
  144  24:07  Missile Turret  
  79  24:28  Missile Turret  
  42  24:45  Missile Turret  
  41  24:47  Missile Turret  
  41  24:48  Missile Turret  
  41  24:49  Viking x3  
  34  25:19  Viking x3  
  40  25:31  Supply Depot x2  
  40  25:33  Supply Depot  
  40  25:49  Viking x3  
  46  25:55  Supply Depot, Engineering Bay  
  46  25:56  Supply Depot  
  43  26:03  Engineering Bay  
  38  26:19  Viking x3  
Show
View Real Time Build Order
Export as new Build Order

JagrsMullets Protoss - Winner!

Build Orders:  

Get SALT Encoding   

  12  0:04  Probe (Chrono Boost)  
  14  0:16  Probe (Chrono Boost)  
  14  0:27  Probe  
  15  0:41  Assimilator  
  15  0:47  Pylon  
  15  1:01  Pylon  
  15  1:05  Probe  
  15  1:10  Pylon  
  16  1:13  Forge  
  16  1:17  Probe (Chrono Boost)  
  18  1:27  Assimilator  
  18  1:28  Probe (Chrono Boost)  
  18  1:32  Probe  
  19  1:39  Gateway  
  19  1:44  Probe  
  20  2:10  Pylon  
  20  2:18  Nexus  
  20  2:23  Pylon  
  20  2:39  Photon Cannon  
  20  2:44  Photon Cannon  
  20  2:53  Probe (Chrono Boost)  
  21  3:04  Probe (Chrono Boost)  
  22  3:07  Photon Cannon, Probe  
  23  3:18  Photon Cannon  
  23  3:28  Photon Cannon  
  23  3:31  Probe (Chrono Boost)  
  24  3:38  Probe (Chrono Boost)  
  25  3:49  Cybernetics Core  
  25  4:00  Gateway  
  25  4:09  Pylon  
  25  4:28  Assimilator  
  25  4:31  Assimilator  
  25  4:35  Gateway  
  25  4:41  Warp Gate  
  25  4:44  Gateway  
  25  4:49  Gateway  
  25  4:59  Gateway  
  25  5:08  Pylon  
  25  5:15  Pylon  
  25  5:16  Pylon  
  25  5:20  Probe (Chrono Boost)  
  27  5:31  Probe (Chrono Boost)  
  27  5:41  Photon Cannon  
  27  5:56  Pylon  
  27  5:57  Pylon  
  27  6:19  Pylon  
  27  6:23  Probe (Chrono Boost)  
  28  6:37  Probe (Chrono Boost)  
  28  6:39  Probe (Chrono Boost)  
  31  6:44  Probe x2 (Chrono Boost)  
  31  6:47  Probe  
  31  6:50  Probe  
  33  6:59  Probe  
  34  7:01  Zealot  
  34  7:02  Zealot x2, Probe  
  41  7:11  Probe  
  42  7:20  Zealot x2  
  42  7:21  Zealot  
  40  7:48  Stargate  
  40  7:50  Stargate  
  40  7:51  Stargate  
  40  8:02  Stalker  
  42  8:06  Zealot  
  42  8:10  Sentry  
  42  8:11  Sentry  
  48  8:17  Pylon  
  48  8:20  Pylon  
  48  8:22  Pylon  
  36  8:52  Adept  
  36  8:53  Adept x3  
  36  8:54  Adept  
  36  8:55  Adept  
  42  9:14  Void Ray x2  
  43  9:47  Fleet Beacon  
  43  10:05  Photon Cannon  
  43  10:12  Stargate  
  43  10:17  Probe (Chrono Boost)  
  45  10:28  Probe (Chrono Boost)  
  45  10:30  Stargate x2  
  45  10:31  Probe  
  46  10:43  Probe  
  47  10:54  Nexus  
  47  10:55  Probe (Chrono Boost)  
  48  10:58  Assimilator  
  48  11:00  Assimilator  
  48  11:03  Mothership (Chrono Boost)  
  56  11:31  Photon Cannon  
  56  11:34  Photon Cannon, Probe  
  56  11:39  Carrier  
  63  11:46  Probe  
  64  11:58  Probe  
  64  11:59  Carrier x2  
  77  12:10  Probe  
  77  12:11  Photon Cannon  
  77  12:12  Photon Cannon  
  78  12:15  Photon Cannon  
  78  12:22  Probe  
  79  12:27  Photon Cannon x2  
  79  12:38  Carrier  
  79  12:44  Probe  
  86  12:52  Carrier  
  86  12:56  Probe  
  93  13:03  Nexus  
  93  13:08  Probe  
  94  13:36  Pylon  
  94  13:37  Pylon  
  94  13:39  Pylon  
  94  13:41  Pylon  
  94  13:44  Pylon  
  94  13:54  Carrier  
  94  13:55  Probe  
  101  13:58  Stalker x2  
  101  13:59  Stalker x2  
  109  14:05  Adept  
  109  14:06  Adept  
  113  14:47  Carrier x2  
  125  15:08  Protoss Air Weapons Level 1  
  125  15:10  Graviton Catapult  
  125  15:12  Protoss Ground Weapons Level 1  
  125  15:26  Robotics Facility  
  125  15:28  Robotics Facility  
  125  15:30  Robotics Facility  
  125  15:45  Robotics Facility  
  125  15:50  Twilight Council  
  125  16:33  Dark Shrine  
  125  16:38  Robotics Bay  
  125  16:40  Carrier x4  
  149  16:52  Pylon  
  149  16:54  Pylon  
  149  16:56  Protoss Ground Armor Level 1, Pylon  
  149  16:57  Pylon  
  149  17:00  Pylon  
  149  17:02  Protoss Air Armor Level 1 (Chrono Boost)  
  149  17:10  Observer  
  150  17:27  Anion Pulse-Crystals  
  150  17:32  Observer  
  150  17:33  Phoenix x2  
  155  17:46  Colossus  
  155  17:50  Colossus  
  167  17:57  Phoenix  
  167  17:58  Phoenix  
  171  18:05  Phoenix  
  173  18:37  Void Ray x3  
  173  18:38  Void Ray  
  189  18:43  Pylon  
  189  18:45  Protoss Air Weapons Level 2, Pylon  
  189  18:50  Pylon  
  189  19:00  Void Ray  
  193  19:05  Extended Thermal Lance  
  193  19:14  Warp Prism x2  
  197  20:09  Dark Templar  
  199  20:27  Protoss Ground Weapons Level 2  
  199  21:01  Protoss Air Armor Level 2  
  199  21:39  Observer Gravitic Boosters  
  199  22:43  Protoss Ground Armor Level 2  
  148  24:27  Carrier x3  
  148  24:28  Carrier x3  
  184  24:59  Protoss Shields Level 1  
Tags
 
League
Gold
Matchup
PvT
Spawn Locations
Cross Positions
Add a new tag
Caveats
  • Supply blocks, unpowered buildings, or Contaminate may cause inaccurate times.
  • Supply counts are checked every 10 seconds.